 Dungeon Crawl Stone Soup version 0.23.2-1-ga50397a6bc (webtiles) character file.

Game seed: 17621639608128635574

2235 Menchi the Skirmisher (level 9, -1/86 HPs)
             Began as a Naga Fighter on May 17, 2019.
             Was an Initiate of Gozag.
             Slain by an orc
             ... wielding a +1 hand axe of venom
              (2 damage)
             ... on level 6 of the Dungeon.
             The game lasted 00:14:25 (6677 turns).

Menchi the Skirmisher (Naga Fighter)                Turns: 6677, Time: 00:14:26

Health: -1/86      AC: 10    Str: 17 (20) XL:     9   Next: 36%
Magic:  9/9        EV:  9    Int:  6 (9)  God:    Gozag
Gold:   607        SH:  0    Dex: 10 (12) Spells: 8/8 levels left

rFire    . . .     SeeInvis +   u - +2 dagger (venom)
rCold    . . .     Gourm    .   (no shield)
rNeg     . . .     Faith    .   b - +0 scale mail
rPois    +         Spirit   .   o - +1 helmet
rElec    .         Reflect  .   e - +1 cloak
rCorr    .         Harm     .   (no gloves)
MR       +....                  (no barding)
Stlth    ..........             (no amulet)
HPRegen  0.24/turn              t - ring of flight
MPRegen  0.11/turn              (no ring)

@: lethally poisoned (-1 -> -9), gold aura, very slow
A: large, see invisible, deformed body, poison resistance, slowness 2, slow
metabolism 1, spit poison 1, AC +3
a: Spit Poison, Potion Petition, Call Merchant, Bribe Branch, Renounce Religion,
Evoke Flight


You were on level 6 of the Dungeon.
You worshipped Gozag.
Gozag was pleased with you.
You were not hungry.

You visited 2 branches of the dungeon, and saw 7 of its levels.

You collected 661 gold pieces.
You paid 54 gold pieces to Gozag.

Inventory:

Hand Weapons
 a - a +0 long sword
 u - a +2 dagger of venom (weapon)
Armour
 b - a +0 scale mail (worn)
 c - a +0 shield
 e - a +1 cloak (worn)
 o - a +1 helmet (worn)
Jewellery
 t - a ring of flight (left hand)
Scrolls
 i - 3 scrolls of remove curse
 k - 2 scrolls of magic mapping
 n - 2 scrolls of enchant armour
 q - 3 scrolls of teleportation
 s - a scroll of fear
Potions
 d - 4 potions of brilliance
 j - a potion of magic
 l - a potion of degeneration
 v - a potion of lignification
Comestibles
 f - 20 rations


   Skills:
 + Level 7.3 Fighting
 + Level 6.5(6.7) Short Blades
 - Level 2.0(4.6) Long Blades
 - Level 2.4 Armour
 * Level 5.5 Dodging
 + Level 2.3 Stealth
 + Level 3.4 Shields


You had 8 spell levels left.
You didn't know any spells.
Your spell library contained the following spells:

 Spells                   Type           Power        Failure   Level  Hunger
 Corona                   Hex            #......      86%         1    ##.....
 Ensorcelled Hibernation  Hex/Ice        #.....       94%         2    ###....
 Confuse                  Hex            #.......     99%         3    ####...
 Dazzling Spray           Conj/Hex       #.....       99%         3    ####...
 Tukima's Dance           Hex            #.......     99%         3    ####...


Dungeon Overview and Level Annotations

Branches:
Dungeon (6/15)             Temple (1/1) D:4

Altars:
Ashenzari
Cheibriados
Dithmenos
Elyvilon
Fedhas
Gozag
Kikubaaqudgha
Nemelex Xobeh
Okawaru
Qazlal
Sif Muna
Trog
Uskayaw
Xom
Yredelemnul
The Shining One

Annotations:
D:4 3 runed translucent doors, Mortifus's ghost, weakling DsMo


Innate Abilities, Weirdness & Mutations

You cannot wear boots.
Your serpentine skin is tough. (AC +3)
You have supernaturally acute eyesight. (SInv)
Armour fits poorly on your strangely shaped body.
Your system is resistant to poisons. (rPois)
You cover ground very slowly.
You have a slow metabolism.
You can spit poison.


Message History

You kill the orc priest!
The orc hits you with a +1 hand axe of venom.
* * * LOW HITPOINT WARNING * * *
It was a potion of lignification.
You turn into a tree.
Your +1 cloak melds into your body.
Your +1 helmet melds into your body.
Your +0 scale mail melds into your body.
Your roots penetrate the ground.
You feel sick. The orc hits you but does no damage.
You are lethally poisoned!
It was a potion of cancellation.
Your magical effects are unravelling.
You feel magically purged.
You feel less wooden.
Your +1 cloak unmelds from your body.
Your +1 helmet unmelds from your body.
Your +0 scale mail unmelds from your body.
* * * LOW HITPOINT WARNING * * *
You feel sick.
The orc hits you with a +1 hand axe of venom.
You die...
Your body crumbles into a pile of gold.

## #...#.....#[#
#############
#...#####.#.#
............# #...#
#...# ............#
#...# ##..#
............# #...#
#..# ............#
#...# #..#
............# #...#
##.#
......$.....######...#
#.#
............$@.......#
#.#
............o$......##
##..
##########..........#
#... #..........# #...
#........).# #...
###..........# #.>.
##...≈≈≈......# #...
##..≈≈≈≈≈≈≈....# #...
#..≈≈≈≈≈≈≈≈≈...## #...


You could see an orc.

Vanquished Creatures
  Edmund (D:4)
  Duvessa (D:6)
  An orc warrior (D:6)
  3 sky beasts (D:6)
  2 ogres
  A centaur (D:6)
  5 bullfrogs
  A scorpion (D:6)
  Dowan (D:6)
  A bullfrog zombie (D:6)
  A crimson imp (D:6)
  3 hounds
  A jelly (D:6)
  6 orc priests
  2 bullfrog skeletons (D:4)
  Jessica (D:2)
  3 iguanas
  Natasha (thrice) (D:3)
  2 worker ants (D:6)
  2 hound skeletons
  A hound zombie (D:6)
  6 gnolls (D:3)
  8 adders
  6 oozes
  2 adder skeletons (D:4)
  4 worms
  2 dart slugs
  6 leopard geckos
  25 orcs
  4 giant cockroaches
  9 hobgoblins
  13 jackals
  9 kobolds
  3 quokkas
  A ball python (D:3)
  9 bats
  A frilled lizard (D:3)
  10 goblins
  8 rats
168 creatures vanquished.

Notes
Turn   | Place    | Note
-------+----------+-------------------------------------------
     0 | D:1      | Menchi the Naga Fighter began the quest for the Orb.
     0 | D:1      | Reached XP level 1. HP: 21/21 MP: 1/1
    51 | D:1      | Reached XP level 2. HP: 26/28 MP: 2/2
   367 | D:1      | Reached XP level 3. HP: 19/34 MP: 3/3
   372 | D:1      | Reached skill level 1 in Dodging
   992 | D:2      | Noticed Jessica
   998 | D:2      | Killed Jessica
   998 | D:2      | Reached skill level 4 in Fighting
   998 | D:2      | Reached XP level 4. HP: 38/44 MP: 4/4
  1208 | D:2      | Found a shimmering altar of Xom.
  1221 | D:2      | Reached XP level 5. HP: 44/50 MP: 5/5
  1454 | D:2      | Found a stormy altar of Qazlal.
  1919 | D:3      | Found a sparkling altar of Nemelex Xobeh.
  2348 | D:3      | Reached skill level 5 in Fighting
  2348 | D:3      | Reached XP level 6. HP: 52/61 MP: 6/6
  2587 | D:3      | Noticed Natasha
  2598 | D:3      | Killed Natasha
  2664 | D:3      | Noticed Natasha
  2679 | D:3      | Killed Natasha
  2742 | D:3      | Noticed Natasha
  2750 | D:3      | Killed Natasha
  2856 | D:3      | Reached XP level 7. HP: 51/67 MP: 7/7
  3210 | D:4      | Found a runed translucent gate.
  3210 | D:4      | Found a runed translucent gate.
  3210 | D:4      | Found a runed translucent gate.
  3315 | D:4      | Noticed Mortifus's ghost (weakling DsMo)
  3629 | D:4      | Found a snail-covered altar of Cheibriados.
  3683 | D:4      | Found a staircase to the Ecumenical Temple.
  3698 | Temple   | Entered the Ecumenical Temple
  3730 | Temple   | Became a worshipper of Gozag Ym Sagoz the Greedy
  3810 | D:4      | Noticed Edmund
  3827 | D:4      | Killed Edmund
  3827 | D:4      | Reached skill level 6 in Fighting
  3827 | D:4      | Reached skill level 1 in Short Blades
  3827 | D:4      | Reached skill level 1 in Stealth
  4248 | D:5      | Entered Level 5 of the Dungeon
  4354 | D:5      | Found a shimmering altar of Xom.
  4646 | D:5      | Reached XP level 8. HP: 68/76 MP: 8/8
  5806 | D:6      | Noticed Dowan
  5814 | D:6      | Killed Dowan
  5814 | D:6      | Reached skill level 5 in Dodging
  5864 | D:6      | Reached skill level 5 in Short Blades
  5888 | D:6      | Reached XP level 9. HP: 51/85 MP: 9/9
  6164 | D:6      | Reached skill level 7 in Fighting
  6247 | D:6      | Noticed Duvessa
  6263 | D:6      | Killed Duvessa
  6572 | D:6      | Found a blossoming altar of Fedhas.
  6675 | D:6      | HP: 2/86 [orc/+1 hand axe of venom (6)]
  6677 | D:6      | Slain by an orc

Skill      XL: |  1  2  3  4  5  6  7  8  9 |
---------------+----------------------------+-----
Dodging        | 1 2 3 4 5 |  5.5
Shields        | 3 |  3.4
Fighting       | 4 5 6 7 |  7.3
Short Blades   | 2 5 6 |  6.5
Stealth        | 1 2 |  2.3
Long Blades    | |  2.0
Armour         | |  2.4

Action                   |  1- 3 |  4- 6 |  7- 9 || total
-------------------------+-------+-------+-------++-------
Melee: Long sword        |    92 |   173 |       ||   265
       Dagger            |       |    25 |   425 ||   450
 Abil: Spit Poison       |     2 |     9 |    11 ||    22
  Use: Scroll            |     1 |       |    11 ||    12
       Potion            |       |     1 |     4 ||     5
  Eat: Chunk             |       |     6 |     3 ||     9
       Ration            |       |       |     3 ||     3
Armor: Scale mail        |    55 |   119 |   174 ||   348
       Skin              |       |       |     1 ||     1
Dodge: Dodged            |    55 |   115 |   165 ||   335
       Rpst.: Long sword |    21 |    28 |       ||    49
